 Dungeon Crawl Stone Soup version 0.18-b1-14-g029dad2 (webtiles) character file.

147496 Icer the Bludgeoner (level 16, -7/152 HPs)
             Began as a Minotaur Fighter on Apr 29, 2016.
             Was the Champion of Okawaru.
             Hit by a poisoned javelin thrown by a merfolk javelineer (23 damage)
             ... on level 4 of the Shoals on Apr 30, 2016.
             The game lasted 04:35:59 (30851 turns).

Icer the Bludgeoner (Minotaur Fighter)             Turns: 30851, Time: 04:36:00

Health: -7/152     AC: 24    Str: 31    XL:     16   Next: 92%
Magic:  12/13      EV: 10    Int: 13    God:    Okawaru [******]
Gold:   1942       SH: 34    Dex: 16    Spells: 0 memorised, 15 levels left

rFire  + + .     SeeInvis .     u - +7 flail of Dung {crush, Str+2}
rCold  + . .     Gourm    .     c - +3 plate armour {rPois}
rNeg   + . .     Faith    +     A - +18 shield of the gong {rElec rN+ MR+ EV-5}
rPois  +         Spirit   .     l - +0 hat of Leaves {*Corrode rPois rF+ Int+6}
rElec  +         Dismiss  .     I - +2 cloak {rF+}
rCorr  .         Reflect  .     d - +1 pair of gloves {Dex+3}
SustAt .         Harm     .     U - +0 pair of boots
MR     +++..     Rnd*Tele +     q - amulet of faith
Stlth  ..........               y - ring of protection from magic
                                s - +6 ring of strength

@: engulfed (cannot breathe), extremely resistant to hostile enchantments,
extremely unstealthy
A: retaliatory headbutt, horns 2, clever 1, cold resistance 1, deformed body,
low mp 1, teleportitis 1, weak 1, subdued magic 1
a: Heroism, Finesse, Renounce Religion


You were on level 4 of the Shoals.
You worshipped Okawaru.
Okawaru was exalted by your worship.
You were not hungry.

You visited 6 branches of the dungeon, and saw 30 of its levels.
You also visited: Labyrinth, Ice Cave and Volcano.

You collected 2908 gold pieces.
You spent 966 gold pieces at shops.

Inventory:

Hand Weapons
 o - a +3 hunting sling of flaming
 u - the +7 flail of Dung (weapon) {crush, Str+2}
   (You took it off a minotaur in a labyrinth)

   It inflicts extra damage upon your enemies.
   It affects your strength (+2).
 T - a +2 arbalest of evasion
 Y - a +4 great mace of protection
Armour
 c - a +3 plate armour of poison resistance (worn)
 d - a +1 pair of gloves of dexterity (worn)
 l - the +0 hat of Leaves (worn) {*Corrode rPois rF+ Int+6}
   (Okawaru gifted it to you on level 3 of the Lair of Beasts)

   It affects your intelligence (+6).
   It protects you from fire.
   It protects you from poison.
   It may corrode you when you take damage.
 A - the +18 shield of the gong (worn) {rElec rN+ MR+ EV-5}
   (You took it off a minotaur in a labyrinth)

   It affects your evasion (-5).
   It insulates you from electricity.
   It protects you from negative energy.
   It affects your resistance to hostile enchantments.
 I - a +2 cloak of fire resistance (worn)
 U - a +0 pair of boots (worn)
 X - a +3 plate armour of fire resistance
Jewellery
 g - the ring of Demons {rElec Dex+3 SInv Stlth+}
   (You found it on level 9 of the Dungeon)

   [ring of see invisible]

   It affects your dexterity (+3).
   It insulates you from electricity.
   It lets you see invisible.
   It makes you more stealthy.
 i - a +2 ring of protection
 q - an amulet of faith (around neck)
 s - a +6 ring of strength (left hand)
 v - an uncursed ring of positive energy
 y - a ring of protection from magic (right hand)
 C - the amulet "Xamucyurch" {Harm *Drain Fragile rElec rF+ Dex+7}
   (You found it on level 4 of the Lair of Beasts)

   [amulet of harm]

   It increases damage dealt and taken.
   It affects your dexterity (+7).
   It protects you from fire.
   It insulates you from electricity.
   It will be destroyed if unequipped.
 H - an uncursed ring of resist corrosion
 N - the ring of Salvation {rF+ AC+5}
   (You found it in a labyrinth)

   [ring of protection]

   It affects your AC (+5).
   It protects you from fire.
 W - an uncursed ring of protection from cold
Wands
 f - a wand of polymorph (13/24)
 L - a wand of confusion (27/48)
 Q - a wand of paralysis (15/24)
Scrolls
 a - 12 scrolls of remove curse
 m - 6 scrolls of enchant armour
 p - 13 scrolls of identify
 w - 3 scrolls of blinking
 x - 6 scrolls of recharging
 D - 3 scrolls of magic mapping
 E - 3 scrolls of fog
 F - 9 scrolls of teleportation
 J - 6 scrolls of enchant weapon
 O - 2 scrolls of fear
 S - a scroll of silence
 V - 2 scrolls of summoning
 Z - a scroll of brand weapon
Potions
 e - a potion of might
 h - 3 potions of brilliance
 j - a potion of agility {unknown}
 r - 3 potions of berserk rage
 t - 2 potions of cancellation
 G - a potion of haste
 K - 2 potions of resistance
Miscellaneous
 b - a phantom mirror
 R - a lamp of fire
Comestibles
 k - a meat ration
 z - 9 bread rations
 B - 20 fruits
 M - 10 slices of pizza


   Skills:
 * Level 16.6 Fighting
 + Level 18.5 Maces & Flails
 - Level 17.5 Armour
 - Level 10.1 Dodging
 - Level 16.1 Shields


You had 15 spell levels left.
You didn't know any spells.

Dungeon Overview and Level Annotations

Branches:
Dungeon (13/15)            Temple (0/1) D:5            Lair (8/8) D:9
 Shoals (4/4) Lair:4       Spider (2/4) Lair:4        Slime (0/6) Lair:6
    Orc (2/2) D:10            Elf (1/3) Orc:2
 Vaults: D:13-14

Altars:
Dithmenos
Elyvilon
Fedhas
Makhleb
Okawaru
Qazlal
Ru
Sif Muna
Vehumet
Zin
The Shining One
Beogh
Jiyva

Shops:
D:6 *   D:12 *   Orc:2 [(*=   Elf:1 =(

Annotations:
D:6 ShiningOne
D:8 elyvilon
D:13 Frances
Shoals:4 Ilsuiw


Innate Abilities, Weirdness & Mutations

You reflexively headbutt those who attack you in melee.
You have a pair of horns on your head.
Your mind is acute. (Int +2)
Your flesh is cold resistant.
Armour fits poorly on your strangely shaped body.
Your magical capacity is low (-10% MP).
You are occasionally teleported next to monsters.
You are weak. (Str -2)
Your spells are a little easier to cast, but a little less powerful.


Message History

You destroy the water elemental!
* * * LOW HITPOINT WARNING * * *
Your lungs strain for air!
You block the sea snake's attack.
PTOANNNG!
Ilsuiw gestures wildly while chanting.
Ilsuiw sings a water chant to call the tide!
You block the water elemental's attack.
BONNNG!
The water elemental hits you.
* * * LOW HITPOINT WARNING * * *
You hear an angry hiss.
You hear a shout! x2
You feel better.
* * * LOW HITPOINT WARNING * * *
Your lungs strain for air!
You feel like a meek peon again.
The sea snake bites you but does no damage.
The merfolk javelineer throws a poisoned javelin.
The poisoned javelin hits you!!
You die...

#?≈≈≈...P......≈≈≈≈≈≈
##≈...P.P..^.....≈≈≈≈
##≈.....PP..P.≈...≈≈≈
#≈≈..=.........≈.≈≈≈≈
#≈≈≈.......P.P....≈≈≈≈
#≈≈≈≈≈≈..............≈≈≈≈
..≈≈≈≈≈............#P≈≈≈≈
.≈≈≈≈≈≈≈P...tESH.....PPP≈
≈≈≈≈≈≈≈≈....m.@E..P.P≈≈≈≈
≈≈≈≈≈≈≈≈≈....m.)....P≈≈≈≈
≈≈≈≈≈P≈≈P.≈#≈#≈....PP≈≈≈≈
≈≈≈#≈≈≈#≈.(≈P.≈≈≈
≈≈#≈≈≈≈≈#..≈≈P≈≈≈
PP≈≈≈≈≈≈ ...≈≈≈≈ ≈≈#≈≈≈≈≈
P...≈≈≈ ≈≈≈#≈≈≈ P..P≈P


You could see Ilsuiw, an alligator snapping turtle, a merfolk javelineer, a sea
snake, a manticore and 2 water elementals.

Vanquished Creatures
  Polyphemus (Shoals:3)
  Kirke (Shoals:2)
  Roxanne (Spider:1)
  The ghost of jerkstore the Unseen, an adept KoAr of Pakellas (Elf:1)
  Maud (D:10)
  Louise (Spider:1)
  A deep elf sorcerer (Elf:1)
  An orc warlord (Orc:2)
  A frost giant (Shoals:1)
  A stone giant (Shoals:1)
  A deep elf demonologist (Elf:1)
  Nessos (D:12)
  A deep elf death mage (Elf:1)
  The ghost of chicagocrazy the Unseen, a journeyman OpEn of Ashenzari (D:13)
  A minotaur (Lab)
  Erolcha (D:9)
  2 fire dragons
  A merfolk impaler (Shoals:4)
  7 hydras
  2 merfolk avatars
  2 merfolk aquamancers (Shoals:4)
  5 dancing weapons (Elf:1)
  11 death yaks
  Urug (Lair:2)
  An orc high priest (Orc:2)
  Nergalle (D:10)
  3 deep elf knights (Elf:1)
  9 sea snakes
  3 unseen horrors
  An orange crystal statue (D:9)
  6 hill giants
  An obsidian statue (D:9)
  A deep elf archer (Elf:1)
  18 deep elf magi (Elf:1)
  A necromancer (IceCv)
  3 orc knights
  9 griffons
  3 harpies (Shoals:1)
  5 wolf spiders
  11 cyclopes
  5 orc sorcerers
  6 manticores
  An ugly thing (D:12)
  23 elephants
  3 orb spiders (Spider:1)
  3 fauns (Shoals:1)
  A centaur zombie (D:12)
  A moth of wrath (Spider:2)
  8 sirens
  2 salamanders (Volcano)
  3 black mambas
  4 ice statues (IceCv)
  14 spiny frogs
  A gargoyle (D:12)
  A torpor snail (Lair:6)
  A rime drake (Lair:6)
  5 water nymphs
  6 komodo dragons
  9 ice devils (IceCv)
  6 demonic crawlers
  8 jumping spiders
  A troll (Orc:1)
  3 two-headed ogres (Volcano)
  A wind drake (Shoals:1)
  10 merfolk
  A boulder beetle (Lair:8)
  17 blink frogs
  6 snapping turtles
  A shadow (Lab)
  A vampire (D:10)
  Sigmund (D:5)
  24 redbacks
  9 tarantellas
  32 yaks
  A wraith (D:12)
  2 water elementals
  Grum (D:11)
  7 wyverns
  9 fire bats (Volcano)
  13 hippogriffs
  2 hungry ghosts
  5 basilisks
  6 wargs
  A mottled dragon (Volcano)
  A steam dragon (Volcano)
  11 water moccasins
  13 porcupines
  A sky beast (D:11)
  37 orc warriors
  7 ice beasts
  A wasp (D:10)
  A phantom (D:5)
  14 ogres
  24 wolves
  6 centaurs
  17 crocodiles
  4 big kobolds
  The ghost of chicagocrazy the Sneak, an amateur VSEn (D:3)
  21 giant frogs
  Blork the orc (D:6)
  2 gnoll sergeants (D:8)
  A water moccasin zombie (D:7)
  An earth elemental (Elf:1)
  5 scorpions
  8 killer bees
  8 wights
  2 electric eels
  A howler monkey (D:4)
  10 crimson imps
  2 giant frog zombies
  2 draconian simulacra (IceCv)
  A quasit (D:10)
  3 giant frog skeletons
  9 hounds
  Crazy Yiuf (D:6)
  22 orc priests
  2 gnoll shamans (D:8)
  23 orc wizards
  Jessica (D:2)
  9 iguanas
  5 hell rats (Lair:5)
  A troll simulacrum (IceCv)
  9 worker ants
  2 spriggan simulacra (IceCv)
  16 sheep
  2 ogre skeletons (Lab)
  A worker ant zombie (D:9)
  8 adders
  31 gnolls
  3 naga simulacra (IceCv)
  2 ogre simulacra (IceCv)
  50 river rats
  4 shadow imps
  2 adder zombies
  2 oozes
  2 adder skeletons
  5 worms
  8 giant geckos
  104 orcs
  2 ball pythons
  6 giant cockroaches
  32 goblins
  33 hobgoblins
  17 jackals
  7 quokkas
  10 bats
  3 giant newts
  11 kobolds
  19 rats
  A bush (Lair:3)
  A plant (Lair:3)
1060 creatures vanquished.

Vanquished Creatures (others)
  2 humans
  An orc (Orc:2)
  52 fungi
  68 plants
123 creatures vanquished.

Grand Total: 1183 creatures vanquished

Notes
Turn   | Place    | Note
--------------------------------------------------------------
     0 | D:1      | Icer the Minotaur Fighter began the quest for the Orb.
     0 | D:1      | Reached XP level 1. HP: 19/19 MP: 0/0
   150 | D:1      | Reached XP level 2. HP: 26/27 MP: 1/1
   156 | D:1      | Found an iron altar of Okawaru.
   180 | D:1      | Became a worshipper of Warmaster Okawaru
   569 | D:1      | Reached skill level 3 in Maces & Flails
   746 | D:2      | Noticed Jessica
   754 | D:2      | Killed Jessica
   754 | D:2      | Reached XP level 3. HP: 23/33 MP: 2/2
   861 | D:2      | Reached XP level 4. HP: 39/40 MP: 3/3
  1016 | D:2      | Reached skill level 4 in Maces & Flails
  1156 | D:2      | Found a glowing silver altar of Zin.
  1484 | D:3      | Noticed chicagocrazy's ghost (amateur VSEn)
  1506 | D:3      | Killed chicagocrazy's ghost
  1506 | D:3      | Reached XP level 5. HP: 31/47 MP: 4/4
  1944 | D:3      | Reached * piety under Okawaru
  1950 | D:3      | Reached skill level 5 in Maces & Flails
  2500 | D:3      | Reached skill level 5 in Shields
  2734 | D:4      | Reached XP level 6. HP: 55/55 MP: 5/5
  2821 | D:4      | Reached skill level 5 in Fighting
  2852 | D:4      | Reached skill level 5 in Armour
  2929 | D:4      | Reached ** piety under Okawaru
  2929 | D:4      | Reached skill level 6 in Maces & Flails
  2929 | D:4      | Reached XP level 7. HP: 45/61 MP: 6/6
  3208 | D:4      | Reached skill level 7 in Maces & Flails
  3617 | D:5      | Entered Level 5 of the Dungeon
  3659 | D:5      | Found a staircase to the Ecumenical Temple.
  3671 | D:5      | Noticed Sigmund
  3681 | D:5      | Killed Sigmund
  3681 | D:5      | Reached *** piety under Okawaru
  3681 | D:5      | Reached XP level 8. HP: 66/70 MP: 7/7
  3691 | D:5      | Found a deep blue altar of Sif Muna.
  3854 | D:5      | Reached skill level 8 in Maces & Flails
  3998 | D:5      | Reached **** piety under Okawaru
  4119 | D:5      | Found a blossoming altar of Fedhas.
  4464 | D:6      | Noticed Blork the orc
  4469 | D:6      | Killed Blork the orc
  4608 | D:6      | Found Tamiut's Elemental Accessories.
  4767 | D:6      | Reached skill level 9 in Maces & Flails
  5038 | D:6      | Noticed Crazy Yiuf
  5043 | D:6      | Killed Crazy Yiuf
  5103 | D:6      | Reached XP level 9. HP: 44/79 MP: 8/8
  5615 | D:6      | Found a glowing golden altar of the Shining One.
  5925 | D:7      | Found a sacrificial altar of Ru.
  5977 | D:7      | Found a stormy altar of Qazlal.
  5977 | D:7      | Found an iron altar of Okawaru.
  6377 | D:7      | Reached ***** piety under Okawaru
  6385 | D:7      | Reached skill level 10 in Maces & Flails
  6921 | D:8      | Received a gift from Okawaru
  6953 | D:8      | Reached skill level 10 in Armour
  7135 | D:8      | Found a white marble altar of Elyvilon.
  7319 | D:8      | Reached skill level 11 in Maces & Flails
  7343 | D:8      | Reached XP level 10. HP: 42/90 MP: 6/9
  8135 | D:9      | Got a fine platinum ring
  8143 | D:9      | Identified the ring of Demons {rElec Dex+3 SInv Stlth+} (You found it on level 9 of the Dungeon)
  8437 | D:9      | Noticed Erolcha
  8446 | D:9      | Killed Erolcha
  8446 | D:9      | Reached ****** piety under Okawaru
  8446 | D:9      | Received a gift from Okawaru
  8446 | D:9      | Reached skill level 12 in Maces & Flails
  8493 | D:9      | Found a staircase to the Lair.
  8588 | D:9      | You fall through a shaft for 2 floors!
  8599 | D:11     | Noticed Grum
  8603 | D:11     | Noticed a hill giant
  8610 | D:11     | Killed Grum
  8614 | D:11     | Killed a hill giant
  8922 | D:11     | Noticed an unseen horror
  8947 | D:11     | Killed an unseen horror
  8947 | D:11     | Reached XP level 11. HP: 98/99 MP: 10/10
  9133 | D:11     | Gained mutation: Your flesh is cold resistant. [potion of beneficial mutation]
  9134 | D:11     | Gained mutation: You possess an exceptional clarity of mind. [potion of beneficial mutation]
  9144 | D:11     | Gained mutation: You are clumsy. (Dex -2) [potion of mutation]
  9144 | D:11     | Gained mutation: Your mind is acute. (Int +2) [potion of mutation]
  9474 | D:11     | Reached skill level 13 in Maces & Flails
  9500 | D:11     | Noticed a seven-headed hydra
  9559 | D:10     | Entered Level 10 of the Dungeon
  9735 | D:10     | Noticed a hill giant
  9741 | D:10     | Killed a hill giant
  9741 | D:10     | Reached skill level 10 in Fighting
  9802 | D:10     | Found a shadowy altar of Dithmenos.
  9963 | D:10     | Noticed a hill giant
  9967 | D:10     | Killed a hill giant
  9986 | D:10     | Noticed a hill giant
 10002 | D:10     | Killed a hill giant
 10424 | D:10     | Found a staircase to the Orcish Mines.
 10436 | D:10     | Noticed Maud
 10449 | D:10     | Killed Maud
 10449 | D:10     | Received a gift from Okawaru
 10449 | D:10     | Reached skill level 14 in Maces & Flails
 10997 | D:10     | Noticed Nergalle
 11013 | D:10     | Killed Nergalle
 11023 | D:10     | Received a gift from Okawaru
 11186 | D:9      | Noticed an orange crystal statue
 11463 | D:9      | Noticed an obsidian statue
 11693 | D:11     | Killed a seven-headed hydra
 11882 | D:11     | Found a radiant altar of Vehumet.
 12168 | D:12     | Noticed a hill giant
 12176 | D:12     | Killed a hill giant
 12230 | D:12     | Reached XP level 12. HP: 85/110 MP: 11/11
 12236 | D:12     | Gained mutation: You are occasionally teleported next to monsters. [potion of mutation]
 12236 | D:12     | Gained mutation: You are partially covered in rough black scales (AC +4, Dex -1). [potion of mutation]
 12236 | D:12     | Gained mutation: Armour fits poorly on your strangely shaped body. [potion of mutation]
 12395 | D:12     | Found Xaryinit's Assorted Antiques.
 12558 | D:12     | Bought a scroll of identify for 70 gold pieces
 12558 | D:12     | Bought a scroll of teleportation for 105 gold pieces
 12558 | D:12     | Bought a metallic blue potion for 31 gold pieces
 12558 | D:12     | Bought a scroll of teleportation for 105 gold pieces
 12558 | D:12     | Bought a scroll of identify for 70 gold pieces
 12596 | D:12     | Reached skill level 15 in Maces & Flails
 12752 | D:12     | Gained mutation: You are weak. (Str -2) [mutagenic meat]
 12754 | D:12     | Gained mutation: You expend magic power (3 MP) to strengthen your wands. [mutagenic meat]
 12932 | D:12     | Noticed Nessos
 12941 | D:12     | Killed Nessos
 12941 | D:12     | Received a gift from Okawaru
 13271 | D:13     | Noticed chicagocrazy's ghost (journeyman OpEn)
 13316 | D:13     | Killed chicagocrazy's ghost
 13336 | D:13     | Noticed Frances
 13528 | Lair:1   | Entered Level 1 of the Lair of Beasts
 13544 | Lair:1   | Noticed a five-headed hydra
 13557 | Lair:1   | Killed a five-headed hydra
 14253 | Lair:2   | Reached skill level 16 in Maces & Flails
 14326 | Lair:2   | Noticed a fire dragon
 14337 | Lair:2   | Killed a fire dragon
 14687 | Lair:2   | Reached XP level 13. HP: 119/119 MP: 12/12
 15174 | Lair:2   | Noticed Urug
 15183 | Lair:2   | Killed Urug
 15183 | Lair:2   | Reached skill level 15 in Armour
 15186 | Lair:2   | Lost mutation: You possess an exceptional clarity of mind. [potion of cure mutation]
 15186 | Lair:2   | Lost mutation: You are partially covered in rough black scales (AC +4, Dex -1). [potion of cure mutation]
 15186 | Lair:2   | Lost mutation: Armour fits poorly on your strangely shaped body. [potion of cure mutation]
 15186 | Lair:2   | Lost mutation: You are clumsy. (Dex -2) [potion of cure mutation]
 15186 | Lair:2   | Lost mutation: You expend magic power (3 MP) to strengthen your wands. [potion of cure mutation]
 15461 | Lair:3   | Received a gift from Okawaru
 15476 | Lair:3   | Got an ancient hat {god gift}
 15482 | Lair:3   | Identified the +0 hat of Leaves {*Corrode rPois rF+ Int+6} (Okawaru gifted it to you on level 3 of the Lair of Beasts)
 16272 | Lair:4   | Found a labyrinth entrance.
 16352 | Lab      | Entered a labyrinth
 16894 | Lab      | Noticed a minotaur
 16912 | Lab      | Killed a minotaur
 16915 | Lab      | Got a crude flail {crush}
 16927 | Lab      | Identified the Guide on the Rocks
 16931 | Lab      | Got a twitching wooden ring
 17096 | Lair:4   | Identified the ring of Salvation {rF+ AC+5} (You found it in a labyrinth)
 17098 | Lair:4   | Identified the +7 flail of Dung {crush, Str+2} (You took it off a minotaur in a labyrinth)
 17176 | Lair:4   | Reached skill level 17 in Maces & Flails
 17216 | Lair:4   | Received a gift from Okawaru
 17358 | Lair:4   | Found a hole to the Spider Nest.
 17379 | Lair:4   | Got a shimmering amethyst amulet
 17398 | Lair:4   | Identified the amulet "Xamucyurch" {Harm *Drain Fragile rElec rF+ Dex+7} (You found it on level 4 of the Lair of Beasts)
 17533 | Lair:4   | You fall through a shaft for 3 floors!
 17640 | Lair:7   | Found a dark tunnel.
 17663 | Volcano  | Entered a volcano
 17927 | Volcano  | Noticed a fire dragon
 17937 | Volcano  | Killed a fire dragon
 18082 | Lair:7   | Reached skill level 10 in Shields
 18082 | Lair:7   | Reached XP level 14. HP: 127/129 MP: 13/13
 18136 | Lair:7   | Received a gift from Okawaru
 18153 | Lair:7   | Received a gift from Okawaru
 18287 | Lair:7   | Found a frozen archway.
 18296 | IceCv    | Entered an ice cave
 18937 | IceCv    | Got a twisted ring mail
 18948 | IceCv    | Identified the cursed +0 ring mail "Addueg" {Dex+4} (You found it in an ice cave)
 19663 | Lair:7   | Received a gift from Okawaru
 20040 | Lair:6   | Found a staircase to the Slime Pits.
 20041 | Lair:6   | Found a viscous altar of Jiyva.
 20467 | Lair:5   | Reached skill level 1 in Dodging
 20596 | Lair:5   | Received a gift from Okawaru
 21008 | Lair:4   | Found a staircase to the Shoals.
 21246 | Lair:8   | Entered Level 8 of the Lair of Beasts
 21411 | Lair:8   | Reached skill level 15 in Shields
 22019 | Lair:4   | Reached XP level 15. HP: 136/136 MP: 14/14
 22563 | Spider:1 | Entered Level 1 of the Spider Nest
 22970 | Lair:4   | Reached skill level 5 in Dodging
 23482 | Orc:1    | Entered Level 1 of the Orcish Mines
 23644 | Orc:2    | Entered Level 2 of the Orcish Mines
 23679 | Orc:2    | Found a staircase to the Elven Halls.
 23982 | Orc:2    | Found a roughly hewn altar of Beogh.
 24007 | Orc:2    | Found a roughly hewn altar of Beogh.
 24039 | Orc:2    | Found a burning altar of Makhleb.
 24123 | Orc:2    | Noticed an orc warlord
 24154 | Orc:2    | Killed an orc warlord
 24162 | Orc:2    | Found Paugisen's Antique Armour Boutique.
 24163 | Orc:2    | Found a roughly hewn altar of Beogh.
 24166 | Orc:2    | Found Kirask's Antique Weapon Shop.
 24255 | Orc:2    | Received a gift from Okawaru
 24271 | Orc:2    | Found a roughly hewn altar of Beogh.
 24281 | Orc:2    | Found Keryanez's General Store.
 24299 | Orc:2    | Bought a scroll of enchant weapon for 105 gold pieces
 24299 | Orc:2    | Bought a scroll of enchant weapon for 105 gold pieces
 24416 | Orc:2    | Found Yxacri's Jewellery Emporium.
 24424 | Orc:2    | Bought an uncursed ring of protection from magic for 375 gold pieces
 24485 | Orc:2    | Found a roughly hewn altar of Beogh.
 24725 | Elf:1    | Entered Level 1 of the Elven Halls
 24844 | Elf:1    | Found Jynug's Jewellery Shoppe.
 24862 | Elf:1    | Noticed jerkstore's ghost (adept KoAr)
 24873 | Elf:1    | Gained mutation: Armour fits poorly on your strangely shaped body. [a neqoxec]
 24886 | Elf:1    | Noticed a Brimstone Fiend
 24891 | Elf:1    | Gained mutation: Your spells are a little easier to cast, but a little less powerful. [a neqoxec]
 24892 | Elf:1    | Gained mutation: Your magical capacity is low (-10% MP). [a neqoxec]
 24984 | Elf:1    | Killed jerkstore's ghost
 25232 | Elf:1    | Got a scorched great mace {freeze}
 25256 | Elf:1    | Identified the +2 great mace "Nuteen" {freeze, +Rage rF- rN+ Int+4} (You took it off a deep elf mage on level 1 of the Elven Halls)
 25296 | Elf:1    | Found Seadawyu's Antique Weapon Boutique.
 25775 | Elf:1    | Received a gift from Okawaru
 25806 | Elf:1    | Noticed a deep elf sorcerer
 25825 | Elf:1    | Killed a deep elf sorcerer
 25952 | Orc:1    | Reached skill level 10 in Dodging
 26653 | Spider:1 | Noticed Louise
 26931 | Lair:4   | Received a gift from Okawaru
 26931 | Lair:4   | Reached XP level 16. HP: 141/144 MP: 13/13
 27315 | Spider:1 | Killed Louise
 27471 | Spider:1 | Noticed Roxanne
 27504 | Spider:1 | Killed Roxanne
 27976 | Shoals:1 | Entered Level 1 of the Shoals
 28370 | Shoals:1 | Upgraded the game from 0.18-b1-10-g3f7de93 to 0.18-b1-14-g029dad2
 29086 | Shoals:1 | Received a gift from Okawaru
 29086 | Shoals:1 | Reached skill level 15 in Fighting
 29230 | Shoals:1 | Reached skill level 18 in Maces & Flails
 29562 | Shoals:2 | Noticed Kirke
 29567 | Shoals:2 | Noticed a sphinx
 29567 | Shoals:2 | Killed Kirke
 29752 | Shoals:2 | Got a bloodstained ring mail
 29764 | Shoals:2 | Identified the +1 ring mail of the Harp {Int+2 Dex+3} (You found it on level 2 of the Shoals)
 30197 | Shoals:3 | Noticed Polyphemus
 30234 | Shoals:3 | Killed Polyphemus
 30730 | Shoals:4 | Entered Level 4 of the Shoals
 30822 | Shoals:4 | Noticed Ilsuiw
 30828 | Shoals:4 | Received a gift from Okawaru
 30851 | Shoals:4 | Hit by a poisoned javelin thrown by a merfolk javelineer

Skill      XL: |  1  2  3  4  5  6  7  8  9 10 11 12 13 14 15 16 |
---------------+-------------------------------------------------+-----
Shields        | 4 5 6 10 15 16 | 16.1
Maces & Flails | 3 4 5 6 7 9 11 12 14 16 17 18 | 18.5
Fighting       | 4 5 6 7 8 9 11 12 13 16 | 16.6
Armour         | 4 5 6 8 10 11 13 14 16 17 | 17.5
Dodging        | 4 10 | 10.1

Action                   |  1- 3 |  4- 6 |  7- 9 | 10-12 | 13-15 | 16-18 || total
-------------------------+-------+-------+-------+-------+-------+-------++-------
Melee: Flail             |    22 |       |       |       |  1423 |   554 ||  1999
       Headbutt          |     7 |    32 |   134 |   141 |   436 |   177 ||   927
       Mace              |    60 |   137 |   508 |   145 |       |       ||   850
       Great mace        |       |       |       |   363 |   170 |       ||   533
       Dire flail        |       |       |       |   115 |       |       ||   115
Invok: Heroism           |       |       |     2 |    13 |    29 |    15 ||    59
       Finesse           |       |       |       |       |     3 |       ||     3
  Use: Scroll            |     4 |     3 |     1 |    17 |    20 |     2 ||    47
       Potion            |       |       |       |    23 |     9 |     7 ||    39
  Eat: Bread ration      |       |     1 |     1 |       |     3 |     1 ||     6
       Meat ration       |       |     1 |     2 |     2 |     4 |     2 ||    11
       Fruit             |       |       |     2 |     7 |     5 |       ||    14
       Pizza             |       |       |     1 |     3 |     1 |       ||     5
       Royal jelly       |       |       |     1 |       |     1 |     1 ||     3
       Beef jerky        |       |       |       |     4 |     4 |     1 ||     9
       Chunk             |       |       |       |     4 |       |       ||     4
Armor: Scale mail        |    61 |       |       |       |       |       ||    61
       Chain mail        |       |    56 |    70 |       |       |       ||   126
       Plate armour      |       |       |   156 |   493 |   660 |   177 ||  1486
Dodge: Dodged            |    30 |    31 |   170 |   250 |   258 |   153 ||   892
Block: Shield            |    57 |    81 |   363 |    69 |  1987 |   914 ||  3471
